 Dungeon Crawl Stone Soup version 0.20-b1-18-gaa2fd62 (webtiles) character file.

423 Gorglomux the Cudgeler (level 6, 0/40 HPs)
             Began as a Gargoyle Fighter on May 24, 2017.
             Was a Priest of Elyvilon.
             Slain by an ogre
             ... wielding a +0 giant spiked club
              (17 damage)
             ... on level 5 of the Dungeon.
             The game lasted 00:06:20 (3521 turns).

Gorglomux the Cudgeler (Gargoyle Fighter)           Turns: 3521, Time: 00:06:21

Health: 0/40       AC: 11    Str: 19    XL:     6   Next: 95%
Magic:  6/6        EV: 11    Int:  9    God:    Elyvilon [***...]
Gold:   33         SH:  9    Dex: 11    Spells: 5/5 levels left

rFire    . . .     SeeInvis .   a - +0 flail
rCold    . . .     Gourm    .   c - +0 shield
rNeg     + . .     Faith    +   b - +0 scale mail
rPois    ∞         Spirit   .   (no helmet)
rElec    +         Reflect  .   (no cloak)
rCorr    .         Harm     .   (no gloves)
MR       .....                  (no boots)
Stlth    ..........             k - amulet of faith {Faith, !P}
Regen    0.2/turn               m - +4 ring of evasion
MPRegen  0.1/turn               (no ring)

@: no status effects
A: negative energy resistance 1, electricity resistance, unbreathing,
petrification resistance, rot immunity, AC +4
a: Lesser Healing, Heal Other, Purification, Divine Protection, Renounce
Religion


You were on level 5 of the Dungeon.
You worshipped Elyvilon.
Elyvilon was most pleased with you.
You were not hungry.

You visited 1 branch of the dungeon, and saw 5 of its levels.
You also visited: Sewer.

You collected 143 gold pieces.
You spent 110 gold pieces at shops.

Inventory:

Hand Weapons
 a - a +0 flail (weapon)
 y - a +0 blowgun
   (You took it off a kobold in a sewer)
Missiles
 x - 8 curare-tipped needles
Armour
 b - a +0 scale mail (worn)
 c - a +0 shield (worn)
Jewellery
 k - an amulet of faith (around neck) {Faith, !P}
   (You found it on level 1 of the Dungeon)
 m - a +4 ring of evasion (left hand)
   (You found it on level 1 of the Dungeon)
Scrolls
 e - 3 scrolls of remove curse {unknown}
 n - a scroll of noise {unknown}
 o - 2 scrolls of enchant armour {unknown}
 p - 2 scrolls of magic mapping {unknown}
 r - 2 scrolls of teleportation {unknown}
 s - a scroll of immolation {unknown}
 u - 4 scrolls of identify
 w - a scroll of random uselessness {unknown}
 z - a scroll of enchant weapon {unknown}
Potions
 d - 2 potions of might
 h - 2 potions of haste {unknown}
 i - a potion of berserk rage {unknown}
 j - 5 potions of heal wounds
 l - 7 potions of curing {unknown}
 t - 2 potions of flight {unknown}
 v - a potion of cancellation {unknown}
 B - a potion of degeneration {!q}
Comestibles
 f - 3 bread rations {@e1}
 g - 4 meat rations {@e2}
 q - a royal jelly
 A - a chunk of flesh {@w0}
 C - a fruit


   Skills:
 + Level 5.5 Fighting
 * Level 5.9 Maces & Flails
 + Level 3.2 Armour
 - Level 3.2 Shields
 + Level 0.0 Invocations


You had 5 spell levels left.
You didn't know any spells.

Dungeon Overview and Level Annotations

Branches:
Dungeon (5/15)
 Temple: D:4-7

Altars:
Dithmenos
Elyvilon
Xom
Zin

Shops:
D:4 =[[}::!!*


Innate Abilities, Weirdness & Mutations

You are resistant to torment.
Your stone body is resilient. (AC +4)
You are immune to poison.
You resist negative energy. (rN+)
You are resistant to electric shocks. (rElec)
You can survive without breathing.
You are immune to petrification.
You are immune to rotting.


Message History

There is an open door here.
You open the door.
There is an open door here.
You open the door.
There is an open door here.
You open the door.
There is an open door here.
You open the door.
There is an open door here.
As you open the door, it creaks loudly!
There is an open door here.
There is an open door here.
You open the door.
There is an open door here.
You see here a leather armour.
Some of the chunks of flesh in your inventory have rotted away.
You see here a leather armour.
All of the chunks of flesh in your inventory have rotted away.
A worm comes into view.
A worm is nearby!
A worm is nearby!
A worm is nearby!
A worm is nearby!
A worm is nearby!
You hit the worm. The worm bites you but does no damage.
You hit the worm. The worm bites you but does no damage.
You sock the worm! The worm bites you but does no damage.
You sock the worm!
You kill the worm!
You open the door.
There is an open door here.
There is an entrance to Fafem's Distillery here.
Search for what [? for help]? shop
There is an open door here.
There is an open door here.
You see here a plate armour.
There is an entrance to Raase's Jewellery Shoppe here.
There is a fountain of clear blue water here.
There is an entrance to Zynetiug's Armour Shoppe here.
Done exploring.
Done exploring.
Done exploring.
No target in view!
No target in view!
(D) Dungeon
Where to? (Enter - D:4 @ (x,y), ? - help)
There is a stone staircase leading down here.
You climb downwards.
You hear the hiss of flowing sand.
There is an entrance to an ossuary on this level.
Hurry and find it before the portal is buried!
There is a stone staircase leading up here.
Unknown command.
Unknown command.
A leopard gecko comes into view.
The leopard gecko hisses angrily.
A leopard gecko is nearby!
You can now purify yourself.
The leopard gecko barely misses you. You block the leopard gecko's attack.
Unknown command.
You hit the leopard gecko. The leopard gecko barely misses you.
Unknown command.
You barely miss the leopard gecko.
The leopard gecko bites you but does no damage.
Unknown command.
You closely miss the leopard gecko. You block the leopard gecko's attack.
The leopard gecko misses you.
Unknown command.
You hit the leopard gecko.
You kill the leopard gecko!
You are feeling hungry.
No target in view!
No target in view!
You see here a leopard gecko corpse.
You butcher the leopard gecko corpse.
A - 2 chunks of flesh {@w0} Eating one of 2 chunks of flesh {@w0}.
You eat one of the 2 chunks of flesh {@w0}.
C - a fruit You hear the slow hiss of a very distant avalanche of sand.
An ogre comes into view. It is wielding a giant spiked club.
The ogre shouts!
Unknown command.
Unknown command.
The ogre barely misses you.
You barely miss the ogre. The ogre barely misses you.
You sock the ogre!
The ogre hits you with a giant spiked club!
You hit the ogre.
The ogre hits you with a giant spiked club!
You are too injured to fight recklessly!
Unknown command.
You are too injured to fight recklessly!
Unknown command.
You are too injured to fight recklessly!
You are too injured to fight recklessly!
You hit the ogre but do no damage. You block the ogre's attack.
You hit the ogre. You thump the ogre!
The ogre hits you with a giant spiked club!
You die...

########################
......O@...............#
.........#############.#
.........# #.#
.......... .... #.#
........... ....# #.#
...####..... #..# #.#
... ##...## #..####.# .#
##.## #.......#
##.......#


You could see an ogre.

Vanquished Creatures
  An ogre (D:4)
  The ghost of cereshysteria the Chopper, a weakling MiGl (D:4)
  A hound (D:4)
  An orc priest (D:3)
  An orc wizard (D:3)
  A worker ant (D:4)
  A gnoll (D:1)
  6 adders
  5 worms
  2 dart slugs (D:1)
  A leopard gecko (D:5)
  2 orcs (D:3)
  A ball python (D:3)
  9 bats
  9 giant cockroaches
  4 goblins
  6 hobgoblins
  11 jackals
  2 quokkas
  9 frilled lizards
  20 kobolds
  13 rats
107 creatures vanquished.

Notes
Turn   | Place    | Note
-------+----------+-------------------------------------------
     0 | D:1      | Gorglomux the Gargoyle Fighter began the quest for the Orb.
     0 | D:1      | Reached XP level 1. HP: 14/14 MP: 1/1
    18 | D:1      | Reached XP level 2. HP: 19/19 MP: 2/2
   248 | D:1      | Reached skill level 3 in Maces & Flails
   248 | D:1      | Reached XP level 3. HP: 24/24 MP: 3/3
   324 | D:1      | Reached skill level 4 in Fighting
   634 | D:2      | Found a white marble altar of Elyvilon.
   644 | D:2      | Became a worshipper of Elyvilon the Healer
   842 | D:2      | Found a glowing silver altar of Zin.
  1001 | D:2      | Found a shadowy altar of Dithmenos.
  1172 | D:2      | Reached XP level 4. HP: 29/29 MP: 4/4
  1264 | D:3      | Reached * piety under Elyvilon
  1435 | D:3      | Reached skill level 4 in Maces & Flails
  1541 | D:3      | Reached XP level 5. HP: 27/34 MP: 5/5
  1982 | D:4      | Found a glowing drain.
  2026 | Sewer    | Entered a sewer
  2109 | Sewer    | Reached ** piety under Elyvilon
  2474 | D:4      | Noticed cereshysteria's ghost (weakling MiGl)
  2508 | D:3      | Reached skill level 5 in Maces & Flails
  2646 | D:3      | Reached XP level 6. HP: 27/40 MP: 6/6
  2745 | D:4      | HP: 9/40 [cereshysteria's ghost (2)]
  2751 | D:4      | Killed cereshysteria's ghost
  2751 | D:4      | Reached skill level 5 in Fighting
  2988 | D:4      | Found Etasoas's General Store.
  2991 | D:4      | Bought a potion of heal wounds for 55 gold pieces
  2991 | D:4      | Bought a scroll of identify for 22 gold pieces
  2991 | D:4      | Bought a scroll of identify for 22 gold pieces
  3019 | D:4      | Found Fafem's Distillery.
  3020 | D:4      | Found Nyah's Distillery.
  3038 | D:4      | Bought a potion of degeneration for 11 gold pieces
  3050 | D:4      | Found Jiclall's Book Shoppe.
  3093 | D:4      | Found Eqesauhi's Book Shoppe.
  3117 | D:4      | Found Xoestue's Antique Armour Shoppe.
  3124 | D:4      | Found a shimmering altar of Xom.
  3129 | D:4      | Found Raase's Jewellery Shoppe.
  3132 | D:4      | Found Ukhoh's Gadget Shoppe.
  3133 | D:4      | Found Zynetiug's Armour Shoppe.
  3449 | D:5      | Entered Level 5 of the Dungeon
  3457 | D:5      | Reached *** piety under Elyvilon
  3521 | D:5      | Slain by an ogre

Skill      XL: |  1  2  3  4  5  6 |
---------------+-------------------+-----
Maces & Flails | 3 4 5 |  5.9
Fighting       | 4 5 |  5.5
Armour         | |  3.2
Shields        | |  3.2

Action                   |  1- 3 |  4- 6 || total
-------------------------+-------+-------++-------
Melee: Flail             |   127 |   339 ||   466
Invok: Lesser Healing    |       |     1 ||     1
  Eat: Chunk             |     1 |     9 ||    10
Armor: Scale mail        |    72 |   178 ||   250
Dodge: Dodged            |    48 |   157 ||   205
Block: Shield            |    77 |   187 ||   264

Vault maps used:
D:1:      dpeg_arrival_connections, minmay_misc_feat_plants
D:2:      elyvilon_altar_4, old_standard_altar, zin_treasury,
          minmay_misc_feat_roman, st_stairs_10
D:3:      first_bread
D:4:      portal_sewer_entry_a, serial_shops, nicolae_shop_window_shopping,
          shop, shop_fountains, shop, kennysheep_mini_moat, minmay_door_square,
          minmay_shop_grid_forest, xom_teletrap_fun
D:5:      cheibrodos_barr_body, serial_shops, nicolae_shop_statue_plus,
          enter_ossuary_2, kennysheep_generic_room_2
Sewer:    kennysheep_pipe_town

Table legend:
 A = Turns spent in this place as a percentage of turns spent in the entire game.
 B = Non-inter-level travel turns spent in this place as a percentage of non-inter-level travel turns spent in the entire game.
 C = Inter-level travel turns spent in this place as a percentage of turns spent in this place.
 D = Turns resting spent in this place as a percentage of non-inter-level travel turns spent in this place.
 E = Turns spent auto-exploring this place as a percentage of non-inter-level travel turns spent in this place.
 F = Non-inter-level travel turns spent in this place divided by the number of levels of this place that you've seen.
                   A       B       C       D       E      F
               +-------+-------+-------+-------+-------+----------------------
         Total | 100.0 | 100.0 |   0.4 |   1.1 |   9.5 | 230.0
       Dungeon |  80.1 |  80.1 |   0.5 |   1.2 |   9.9 | 221.0
         Sewer |  19.9 |  19.9 |   0.0 |   0.7 |   8.0 | 275.0
               +-------+-------+-------+-------+-------+----------------------

Table legend:
 A = Kills in this place as a percentage of kills in entire the game.
 B = Kills by you in this place as a percentage of kills by you in the entire game.
 C = Kills by friends in this place as a percentage of kills by friends in the entire game.
 D = Other kills in this place as a percentage of other kills in the entire game.
 E = Experience gained in this place as a percentage of experience gained in the entire game.
 F = Experience gained in this place divided by the number of levels of this place that you have seen.
                   A       B       C       D       E      F
               +-------+-------+-------+-------+-------+----------------------
         Total | 100.0 | 100.0 |  -nan |  -nan | 100.0 | 100.8
       Dungeon |  77.6 |  77.6 |  -nan |  -nan |  94.2 | 114.0
         Sewer |  22.4 |  22.4 |  -nan |  -nan |   5.8 |  35.0
               +-------+-------+-------+-------+-------+----------------------
